Map: Ley Lines

Players

SKillous

  • Race: Protoss Protoss
  • League: Master
  • Spawn Location: 7:00

Lambo - Winner!

  • Race: Zerg Zerg
  • Spawn Location: 1:00

Event: FEL Cracov 2025

VOD

Have the link to the VOD?

Description

Time

  • Played on: July 27, 2025, 2:37 p.m.
  • Length: 12:05

All games in this series

Show
View Real Time Build Order
Export as new Build Order

SKillous Protoss 

Build Orders: 1 Gate Expand, Oracle Opening, Zealot Archon 

Get SALT Encoding   

  12  0:00  Probe  
  13  0:12  Probe  
  14  0:19  Pylon  
  14  0:24  Probe  
  15  0:33  Probe  
  15  0:40  Gateway  
  15  0:41  Probe  
  17  0:51  Probe, Assimilator  
  18  1:03  Probe  
  19  1:15  Probe  
  20  1:28  Cybernetics Core  
  20  1:35  Nexus  
  20  1:42  Pylon  
  20  1:45  Probe  
  21  1:50  Assimilator  
  21  1:54  Adept  
  21  1:57  Probe  
  24  2:10  Probe  
  24  2:15  Adept  
  25  2:22  Probe  
  27  2:34  Probe  
  27  2:35  Stargate  
  28  2:42  Warp Gate  
  28  2:46  Probe x2, Adept  
  32  2:54  Probe  
  32  2:58  Probe  
  33  3:04  Probe  
  34  3:09  Oracle  
  34  3:10  Probe  
  36  3:16  Probe  
  40  3:22  Probe  
  41  3:28  Probe  
  41  3:31  Nexus  
  42  3:36  Pylon  
  42  3:37  Probe  
  44  3:41  Probe  
  44  3:44  Oracle  
  44  3:49  Probe  
  44  3:55  Probe  
  49  4:01  Twilight Council  
  49  4:02  Probe  
  50  4:06  Forge  
  50  4:08  Probe  
  51  4:14  Probe, Pylon  
  51  4:15  Protoss Ground Weapons Level 1  
  52  4:20  Probe  
  52  4:21  Gateway  
  53  4:26  Probe  
  54  4:33  Probe  
  54  4:34  Gateway  
  54  4:36  Gateway  
  54  4:38  Probe  
  56  4:42  Charge  
  56  4:44  Stalker  
  56  4:45  Probe  
  59  4:46  Probe  
  59  4:50  Probe  
  61  4:55  Gateway  
  61  4:57  Probe  
  61  4:58  Gateway, Probe  
  63  5:02  Probe  
  64  5:07  Stalker  
  64  5:09  Probe  
  64  5:10  Pylon, Probe  
  68  5:14  Probe  
  68  5:21  Probe  
  68  5:23  Probe  
  68  5:28  Zealot  
  70  5:29  Zealot x2  
  70  5:32  Probe  
  75  5:36  Zealot  
  75  5:37  Probe x2  
  75  5:38  Pylon  
  75  5:42  Pylon  
  79  5:44  Probe  
  79  5:49  Stalker  
  82  5:51  Zealot  
  82  5:54  Probe  
  82  5:56  Probe  
  86  6:03  Zealot x2  
  86  6:04  Zealot x2  
  92  6:07  Probe x2  
  92  6:09  Assimilator x2, Protoss Ground Weapons Level 2, Shield Battery  
  92  6:11  Assimilator x2  
  94  6:14  Zealot x2  
  94  6:18  Probe, Pylon  
  99  6:19  Probe  
  99  6:20  Pylon  
  99  6:25  Templar Archives  
  100  6:36  Zealot x5  
  105  6:41  Zealot  
  93  6:48  Probe x3  
  81  6:58  Zealot x4  
  81  6:59  Zealot  
  79  7:02  Probe  
  79  7:03  Zealot  
  79  7:04  Probe  
  79  7:06  Probe  
  78  7:09  Pylon  
  78  7:11  Zealot  
  78  7:14  Probe  
  81  7:17  Psionic Storm  
  81  7:26  High Templar x2  
  85  7:30  Zealot x3  
  85  7:31  Archon  
  85  7:34  Shield Battery  
  85  7:35  Shield Battery  
  85  7:36  Pylon x2  
  91  7:44  Pylon  
  86  7:55  High Templar x3  
  86  7:56  Zealot  
  92  8:01  Zealot x2, Probe x2  
  98  8:06  Probe  
  99  8:13  Probe  
  99  8:15  Probe, Fleet Beacon  
  99  8:16  Nexus  
  99  8:18  Probe  
  102  8:22  Pylon  
  102  8:25  Probe  
  103  8:27  Probe  
  103  8:30  High Templar x2  
  108  8:46  Shield Battery  
  108  8:47  Photon Cannon  
  108  8:49  Pylon, High Templar x2  
  108  8:50  Zealot x2  
  108  8:52  Pylon  
  108  8:53  Archon  
  113  9:03  Shield Battery, Mothership  
  113  9:05  Photon Cannon  
  113  9:06  Pylon  
  113  9:09  Photon Cannon  
  113  9:14  Shield Battery  
  121  9:18  Photon Cannon  
  121  9:22  Photon Cannon  
  121  9:29  Zealot  
  121  9:32  High Templar x2, Zealot x3  
  121  9:36  Archon  
  131  9:45  Probe  
  132  9:46  Probe  
  132  9:50  Nexus  
  131  9:53  Shield Battery  
  131  9:55  Photon Cannon  
  131  9:57  Probe, High Templar x2  
  134  10:01  Archon  
  134  10:04  Zealot  
  136  10:11  High Templar  
  133  10:30  High Templar x2  
  133  10:31  Zealot x3  
  133  10:35  Archon  
  133  10:44  Zealot  
  131  10:53  High Templar  
  131  10:54  Zealot x2  
  137  10:58  Nexus  
  137  11:01  Pylon  
  137  11:03  Pylon  
  137  11:04  Gateway  
  137  11:07  Gateway x2  
  137  11:09  Pylon  
  137  11:10  Gateway  
  123  11:22  Zealot x5  
  120  11:31  Probe  
  120  11:32  Probe  
  116  11:43  High Templar  
  116  11:44  High Templar x2  
  116  11:45  High Templar, Zealot x2  
  120  11:49  Archon  
  120  11:50  Archon  
Show
View Real Time Build Order
Export as new Build Order

Lambo Zerg - Winner!

Build Orders: Pool First 

Get SALT Encoding   

  12  0:00  Drone  
  13  0:08  Drone  
  14  0:15  Extractor, Drone  
  15  0:29  Spawning Pool  
  14  0:36  Extractor, Drone  
  14  0:40  Overlord  
  15  0:59  Drone  
  15  1:02  Drone  
  17  1:11  Hatchery  
  17  1:16  Zergling x2  
  17  1:19  Drone  
  17  1:21  Drone  
  19  1:29  Queen  
  21  1:33  Extractor  
  21  1:38  Overlord  
  20  1:43  Drone  
  21  1:53  Drone  
  22  2:03  Drone  
  22  2:05  Queen  
  25  2:17  Drone  
  26  2:24  Hatchery, Drone  
  26  2:31  Drone  
  26  2:41  Queen  
  26  2:42  Drone  
  26  2:44  Zergling x2  
  30  2:48  Zergling x2  
  30  2:49  Zergling x2  
  33  2:51  Zergling x2  
  33  2:55  Zergling x2  
  34  2:59  Overlord  
  34  3:03  Metabolic Boost  
  34  3:06  Drone  
  34  3:10  Drone  
  36  3:21  Drone x5  
  36  3:25  Overlord  
  41  3:29  Drone x2  
  41  3:32  Drone  
  44  3:37  Spore Crawler  
  44  3:38  Drone  
  44  3:43  Queen  
  44  3:46  Drone  
  47  3:50  Spore Crawler  
  47  3:53  Drone x3  
  47  3:55  Drone  
  50  3:57  Drone  
  50  3:59  Drone  
  52  4:03  Drone x3  
  52  4:06  Drone x2  
  57  4:12  Drone  
  57  4:15  Evolution Chamber  
  57  4:17  Drone  
  57  4:19  Overlord  
  58  4:26  Overlord  
  58  4:31  Overlord  
  58  4:37  Queen  
  58  4:38  Zergling x4  
  62  4:39  Drone x4  
  62  4:42  Zerg Melee Weapons Level 1  
  62  4:44  Drone x3  
  69  4:50  Hatchery  
  69  4:52  Drone  
  68  4:54  Zergling x2  
  68  4:57  Zergling x6  
  72  5:01  Zergling x2, Extractor  
  72  5:02  Zergling x2  
  72  5:04  Extractor  
  72  5:05  Drone x3  
  75  5:07  Overlord  
  75  5:09  Overlord  
  75  5:16  Overlord  
  75  5:17  Overlord  
  75  5:18  Overlord  
  75  5:21  Drone x3  
  77  5:22  Drone  
  77  5:26  Drone  
  77  5:27  Lair  
  78  5:29  Drone x2  
  78  5:32  Drone x3  
  81  5:36  Drone  
  81  5:38  Spore Crawler  
  81  5:39  Drone  
  82  5:47  Zergling x4  
  84  5:53  Hatchery, Zergling x4  
  85  5:57  Zergling x6  
  85  6:00  Zergling x12  
  85  6:01  Spine Crawler  
  91  6:06  Spine Crawler  
  91  6:07  Zergling x4  
  91  6:08  Baneling Nest  
  91  6:11  Zergling x2  
  91  6:12  Zergling x4  
  91  6:17  Zergling x6  
  96  6:20  Queen  
  96  6:22  Zergling x2  
  100  6:25  Zergling x4  
  100  6:28  Zergling x8  
  105  6:35  Zergling x10  
  105  6:39  Zergling x2  
  111  6:41  Zergling x4  
  111  6:45  Zergling x8  
  111  6:46  Queen  
  108  6:49  Zergling x2  
  108  6:53  Zergling x2  
  93  6:54  Zergling x2  
  93  6:55  Zergling x6  
  93  6:58  Zergling x2  
  89  7:02  Zergling x8  
  89  7:07  Hydralisk Den  
  88  7:09  Baneling x7  
  88  7:10  Drone x4  
  88  7:13  Drone  
  93  7:15  Drone x2  
  93  7:17  Drone  
  93  7:18  Drone  
  93  7:20  Baneling x5  
  97  7:24  Zerg Melee Weapons Level 2  
  97  7:27  Drone x4  
  101  7:30  Drone x3  
  101  7:33  Baneling x2  
  101  7:36  Drone x2  
  106  7:39  Drone x5  
  106  7:40  Drone  
  106  7:42  Muscular Augments  
  109  7:52  Hydralisk x5  
  109  7:57  Extractor x2  
  109  7:58  Hydralisk x3, Spore Crawler  
  115  8:04  Hydralisk x2  
  123  8:07  Drone x3  
  123  8:12  Spore Crawler  
  125  8:13  Drone  
  125  8:14  Overlord x2, Extractor  
  125  8:19  Overlord  
  125  8:23  Overlord  
  125  8:28  Zergling x2  
  125  8:29  Overlord x2  
  125  8:32  Centrifugal Hooks  
  125  8:35  Zergling x32  
  125  8:38  Hydralisk x2  
  125  8:39  Hydralisk  
  147  8:41  Zergling x2  
  147  8:42  Zergling x2  
  147  8:43  Baneling x2, Pneumatized Carapace  
  147  8:45  Hydralisk  
  147  8:47  Hydralisk  
  153  8:51  Zergling x10  
  153  8:52  Grooved Spines  
  157  8:56  Zergling x10  
  157  9:01  Zergling x2  
  157  9:02  Zergling x10  
  168  9:07  Zergling x6  
  168  9:08  Baneling  
  168  9:09  Baneling x5, Zergling x4  
  173  9:13  Overlord x2  
  173  9:16  Baneling x2  
  173  9:20  Overlord  
  173  9:22  Overlord  
  173  9:23  Overlord  
  173  9:25  Overlord  
  173  9:27  Baneling x9  
  173  9:33  Baneling x8  
  173  9:35  Zergling x16  
  177  9:41  Zergling x14  
  177  9:44  Zerg Missile Weapons Level 1  
  182  9:49  Baneling x9  
  182  9:50  Zergling x8  
  184  9:57  Zergling x16  
  184  9:59  Zergling x4  
  184  10:02  Zergling x8  
  188  10:07  Baneling  
  188  10:08  Baneling x8  
  187  10:15  Zergling x2  
  187  10:16  Zergling x14  
  188  10:21  Zergling x16  
  188  10:25  Zergling x4  
  188  10:26  Baneling  
  188  10:27  Baneling x12  
  197  10:29  Hydralisk  
  197  10:34  Zergling x2  
  197  10:35  Zergling x2  
  199  10:38  Overseer x2, Queen  
  180  10:47  Zergling x18  
  180  10:50  Zergling x8  
  180  10:55  Hydralisk x2  
  181  11:00  Drone x3  
  181  11:02  Hydralisk x4, Spine Crawler  
  191  11:11  Hydralisk x6  
  182  11:18  Hydralisk x3  
  182  11:28  Zergling x18  
  190  11:35  Baneling x3  
  190  11:37  Hydralisk x5  
  190  11:39  Zergling x4  
  185  11:42  Zergling x10  
  188  11:47  Zergling x12  
Tags
 
Add a new tag
Caveats
  • Supply blocks, unpowered buildings, or Contaminate may cause inaccurate times.
  • Supply counts are checked every 10 seconds.